AoeStats
← bilenoffice

Arena

509460309Analyzed
4v4 RM · 4d ago on Sep 26, 2026· 63m 30s· 8 players
Game mode
Random Map
Map size
Large (8 player)
Population
200
Speed
Normal
Resources
Standard
Victory
Conquest
Starting age
Dark Age
Ending age
Imperial Age
RankedLock teamsTeams togetherTeam positionsShared explorationLock speedFull tech treeHidden civsTurbo modeCheats
Victory
Defeat
🇹🇷 Khmer · Türkiye
787
+12
🇫🇷 Franks · France
776
+13
🇺🇸 Huns · United States
751
+14
🇮🇳 Gurjaras · India
589
+21
🇹🇷 Celts · Türkiye
720
-16
🇹🇷 Khmer · Türkiye
717
-16
🇩🇪 Khmer · Germany
681
-14
🇹🇷 Bohemians · Türkiye
677
-14
kael9297
0:29 Loom
14:19 Feudal Age
14:58 Double-Bit Axe
14:56 Horse Collar
17:13 Wheelbarrow
22:17 Castle Age
21:12 Padded Archer Armor
21:03 Fletching
20:58 Man-at-Arms
21:26 Arson
22:21 Scale Mail Armor
23:00 Heavy Plow
23:34 Bow Saw
23:19 Elite Skirmisher
24:27 Pikeman
25:17 Squires
27:41 Chain Mail Armor
27:37 Forging
28:35 Hand Cart
28:29 Caravan
33:48 Imperial Age
31:12 Long Swordsman
32:21 Ballistics
33:15 Chemistry
33:11 Bodkin Arrow
33:51 Fortified Wall
34:14 Leather Archer Armor
35:49 Conscription
36:27 Siege Engineers
37:33 Halberdier
40:47 Two-Man Saw
40:28 Plate Mail Armor
40:34 Iron Casting
40:29 Ring Archer Armor
MentalHP
9:40 Loom
12:41 Feudal Age
20:43 Castle Age
21:27 Man-at-Arms
28:00 Long Swordsman
29:43 Double-Bit Axe
30:08 Scale Mail Armor
30:25 Forging
35:32 Imperial Age
34:16 Pikeman
35:21 Chain Mail Armor
35:42 Iron Casting
37:20 Halberdier
51:31 Wheelbarrow
Destiny9x
11:41 Feudal Age
13:11 Wheelbarrow
13:05 Double-Bit Axe
15:10 Horse Collar
15:27 Gold Mining
18:03 Castle Age
17:32 Stone Mining
19:07 Horse Collar
22:53 Stone Shaft Mining
26:17 Tusk Swords
28:24 Scale Barding Armor
28:22 Scale Mail Armor
29:21 Bloodlines
32:54 Forging
32:59 Chain Mail Armor
33:41 Bow Saw
35:04 Iron Casting
34:52 Chain Barding Armor
35:08 Heavy Plow
38:48 Imperial Age
38:19 Chain Mail Armor
40:13 Gold Shaft Mining
41:11 Crop Rotation
41:19 Plate Barding Armor
41:44 Blast Furnace
41:02 Elite Ballista Elephant
44:38 Hand Cart
bilenoffice
7:26 Loom
13:05 Feudal Age
14:28 Stone Mining
14:25 Double-Bit Axe
14:29 Horse Collar
17:57 Castle Age
17:44 Gold Mining
18:59 Bow Saw
19:29 Stone Shaft Mining
22:01 Wheelbarrow
25:49 Heavy Plow
26:58 Hand Cart
27:24 Caravan
32:58 Imperial Age
31:49 Murder Holes
32:06 Fortified Wall
32:07 Masonry
32:39 Forging
34:09 Conscription
34:41 Hoardings
33:41 Pikeman
36:11 Chemistry
35:12 Town Watch
35:34 Scale Mail Armor
38:09 Chain Mail Armor
39:46 Heavy Scorpion
41:45 Onager
42:36 Stronghold
43:47 Furor Celtica
45:39 Iron Casting
45:35 Plate Mail Armor
45:44 Siege Onager
49:06 Blast Furnace
48:12 Scale Barding Armor
54:16 Town Patrol
Rdal4
10:59 Feudal Age
20:26 Castle Age
29:54 Wheelbarrow
29:05 Town Watch
29:06 Loom
29:20 Double-Bit Axe
29:49 Forging
29:45 Scale Barding Armor
29:40 Gold Mining
29:40 Stone Mining
29:46 Stone Mining
30:18 Fortified Wall
30:04 Murder Holes
30:19 Masonry
31:03 Town Patrol
31:27 Hand Cart
31:56 Iron Casting
31:47 Chain Barding Armor
31:49 Treadmill Crane
32:13 Caravan
35:22 Imperial Age
33:42 Ballistics
34:11 Gold Shaft Mining
35:59 Husbandry
35:25 Cavalier
36:38 Conscription
36:21 Chivalry
36:33 Paladin
36:42 Paladin
39:56 Hoardings
40:02 Hoardings
41:52 Chemistry
40:38 Arrowslits
42:12 Bow Saw
42:36 Architecture
42:12 Siege Engineers
Justice
11:23 Feudal Age
11:58 Double-Bit Axe
11:54 Horse Collar
12:51 Wheelbarrow
15:56 Gold Mining
15:59 Stone Mining
21:07 Castle Age
19:42 Forging
22:09 Bow Saw
22:04 Heavy Plow
23:14 Fervor
24:06 Bloodlines
23:57 Husbandry
24:11 Forging
24:07 Scale Barding Armor
26:01 Hand Cart
29:38 Gold Shaft Mining
31:48 Iron Casting
31:33 Chain Barding Armor
31:04 Fletching
31:35 Caravan
32:05 Coinage
33:47 Town Watch
36:05 Bodkin Arrow
41:09 Imperial Age
38:03 Light Cavalry
40:07 Town Patrol
41:32 Marauders
41:42 Cavalier
41:43 Elite Tarkan
42:44 Conscription
42:46 Atheism
45:47 Blast Furnace
45:23 Plate Barding Armor
44:12 Hussar
50:57 Paladin
56:36 Banking
56:16 Guilds
57:25 Masonry
57:35 Ballistics
57:12 Murder Holes
58:38 Chemistry
57:27 Loom
59:23 Sappers
Alaz
9:32 Feudal Age
10:04 Double-Bit Axe
16:29 Castle Age
14:34 Horse Collar
18:19 Bow Saw
18:12 Heavy Plow
21:40 Wheelbarrow
20:50 Town Watch
21:55 Stone Mining
22:54 Fletching
24:15 Gold Mining
25:01 Stone Shaft Mining
26:36 Tusk Swords
26:36 Bodkin Arrow
26:41 Padded Archer Armor
30:46 Imperial Age
29:11 Leather Archer Armor
29:07 Forging
29:02 Scale Barding Armor
31:42 Ballistics
31:32 Fortified Wall
31:07 Elite Ballista Elephant
32:50 Hand Cart
32:35 Town Patrol
33:42 Crop Rotation
34:18 Chemistry
35:21 Iron Casting
35:06 Chain Barding Armor
35:19 Bracer
35:49 Ring Archer Armor
35:18 Heavy Scorpion
36:51 Double Crossbow
41:02 Conscription
42:53 Blast Furnace
42:28 Plate Barding Armor
43:00 Siege Engineers
50:09 Caravan
50:39 Coinage
51:33 Husbandry
51:45 Bloodlines
51:37 Light Cavalry
54:55 Banking
53:54 Hussar
55:39 Plate Barding Armor
Inf3rnalSpark
0:29 Loom
12:07 Feudal Age
12:48 Double-Bit Axe
13:46 Wheelbarrow
12:57 Town Watch
14:12 Horse Collar
14:51 Gold Mining
18:59 Stone Mining
19:53 Man-at-Arms
21:17 Arson
25:27 Castle Age
24:56 Scale Mail Armor
25:07 Forging
24:58 Padded Archer Armor
24:48 Fletching
25:38 Scale Barding Armor
25:35 Long Swordsman
26:37 Bow Saw
27:31 Gold Shaft Mining
27:32 Stone Shaft Mining
27:58 Crossbowman
29:53 Stone Shaft Mining
32:38 Hand Cart
33:49 Iron Casting
35:02 Chain Mail Armor
37:24 Thumb Ring
37:19 Murder Holes
38:54 Leather Archer Armor
41:42 Heavy Plow
46:00 Town Patrol
48:28 Husbandry
52:59 Kshatriyas
53:34 Bloodlines
54:02 Ballistics
53:53 Fortified Wall
53:55 Masonry
56:19 Imperial Age
54:49 Caravan
56:01 Chain Barding Armor
55:37 Bodkin Arrow
55:44 Town Patrol
59:44 Chemistry
59:15 Architecture
58:27 Treadmill Crane
60:23 Siege Elephant
Connection lost

Rejoining the realm…

Still unreachable

The connection could not be restored.

Session expired

The server has moved on; the page needs a fresh start.